[Event "Titled Tuesday Blitz July 6 2021"]
[White "Nouri, Alekhine"]
[Black "Dan-Lowes"]
[WhiteFideId "5216184"]
[WhiteElo "1894"]
[BlackElo "2224"]
[Result "0-1"]
[Round "04"]
[TimeControl "180+1"]
[Date "2021.07.06"]
[WhiteClock "0:00:02"]
[BlackClock "0:00:14"]

1. e4 c5 2. Nc3 d6 3. d4 cxd4 4. Qxd4 Nc6 5. Bb5 Bd7 6. Bxc6 Bxc6 7. Nf3 Nf6 8. Bg5 e6 9. O-O-O Be7 10. h3 O-O 11. g4 Rc8 12. Rhe1 b5 13. Kb1 a5 14. Nd2 b4 15. Ne2 a4 16. f4 a3 17. b3 d5 18. e5 Ne4 19. Nxe4 dxe4 20. Qa7 Rc7 21. Qb6 Rd7 22. Qxd8 Rfxd8 23. Rxd7 Rxd7 24. Bxe7 Rxe7 25. c4 f6 26. Nd4 Bb7 27. c5 Bd5 28. Nc2 Rc7 29. exf6 Rxc5 30. Nxb4 Rc3 31. fxg7 Rxh3 32. f5 Kxg7 33. fxe6 Bxe6 34. Rxe4 Kf6 35. Na6 Rh2 36. Ra4 Rg2 37. Nc5 Bxg4 38. Rxa3 h5 39. b4 h4 40. Ne4+ Ke5 41. Nc5 h3 42. Nd3+ Kd4 43. Nf4 h2 0-1


[Site "https://www.chess.com"]

[Event "Titled Tuesday Blitz July 6 2021"]
[White "Novikov, Evgenij"]
[Black "Svane, Frederik"]
[WhiteFideId "4125380"]
[BlackFideId "12923044"]
[WhiteElo "2242"]
[BlackElo "2459"]
[Result "1-0"]
[Round "04"]
[TimeControl "180+1"]
[Date "2021.07.06"]
[WhiteClock "0:00:42"]
[BlackClock "0:00:01"]

1. d4 Nf6 2. Bf4 Nh5 3. Bc1 Nf6 4. Bf4 Nh5 5. Bc1 g6 6. e4 d6 7. Be2 Nf6 8. Nc3 Bg7 9. Nf3 O-O 10. O-O Nbd7 11. h3 e5 12. Re1 Re8 13. dxe5 dxe5 14. Bg5 c6 15. Qd2 Qc7 16. Rad1 Nc5 17. Bf1 Ne6 18. Bh6 Rd8 19. Qc1 Bd7 20. Bxg7 Kxg7 21. a4 Nf4 22. Kh2 Be8 23. g3 Ne6 24. Qe3 a6 25. Bc4 Bd7 26. Ng5 Nxg5 27. Qxg5 b5 28. axb5 axb5 29. Bf1 Be6 30. Qe3 b4 31. Rxd8 Rxd8 32. Na4 Rd4 33. Nc5 Qd6 34. Nxe6+ Qxe6 35. Bd3 Qd6 36. b3 c5 37. Kg2 Qc6 38. Kg1 h6 39. Ra1 Qc7 40. Ra6 Qb7 41. Qf3 1-0


[Site "https://www.chess.com"]

[Event "Titled Tuesday Blitz July 6 2021"]
[White "Obolentseva, Alexandra"]
[Black "Alavkin, Arseny"]
[WhiteFideId "24153648"]
[BlackFideId "4120612"]
[WhiteElo "2113"]
[BlackElo "2401"]
[Result "0-1"]
[Round "04"]
[TimeControl "180+1"]
[Date "2021.07.06"]
[WhiteClock "0:00:11"]
[BlackClock "0:00:12"]

1. d4 Nf6 2. c4 g6 3. Nc3 Bg7 4. e4 d6 5. Nf3 O-O 6. Be2 e5 7. O-O Na6 8. Re1 Bg4 9. d5 Nc5 10. Qc2 a5 11. b3 Nh5 12. h3 Bd7 13. Bf1 f5 14. Ng5 h6 15. Ne6 Nxe6 16. dxe6 Bxe6 17. Nd5 c6 18. Nc3 f4 19. Be2 Nf6 20. Rd1 Qc7 21. Ba3 Rfd8 22. Na4 Bf8 23. c5 Kf7 24. Nb6 Rab8 25. Bc4 d5 26. exd5 cxd5 27. Bd3 g5 28. Qc3 d4 29. Qxa5 e4 30. Bc4 Qe5 31. Bxe6+ Qxe6 32. Nc4 Rd5 33. Qc7+ Nd7 34. Nb6 Re8 35. Nxd5 Qxd5 36. c6 bxc6 37. Bxf8 Kxf8 38. Rac1 c5 39. b4 Re6 40. bxc5 Rc6 41. Qd8+ Kf7 42. Qh8 Nf6 43. Qxh6 e3 44. fxe3 fxe3 45. Rf1 e2 46. Rf2 d3 47. Qh5+ Ke7 48. Qg6 Qe5 49. Qg7+ Ke6 50. Re1 Rxc5 51. Qg6 Rd5 52. Rxf6+ Qxf6 53. Qe4+ Qe5 54. Qg4+ Kd6 55. Qb4+ Rc5 56. Qb6+ Kd5 57. Qb7+ Kd4 58. Qb2+ Ke4 59. Qb4+ Qd4+ 60. Qxd4+ Kxd4 61. Kf2 Rf5+ 62. Kg3 Rf1 63. Rxf1 exf1=Q 0-1


[Site "https://www.chess.com"]

[Event "Titled Tuesday Blitz July 6 2021"]
[White "Oliveira, Silvio Eduardo"]
[Black "Principe, Gerson"]
[WhiteFideId "2111560"]
[BlackFideId "3804550"]
[WhiteElo "2302"]
[BlackElo "2280"]
[Result "1-0"]
[Round "04"]
[TimeControl "180+1"]
[Date "2021.07.06"]
[WhiteClock "0:01:41"]
[BlackClock "0:00:39"]

1. e4 c5 2. Nf3 e6 3. d4 cxd4 4. Nxd4 Nf6 5. Nc3 Nc6 6. Nxc6 bxc6 7. e5 Nd5 8. Ne4 Qc7 9. f4 Qb6 10. c4 Bb4+ 11. Ke2 f5 12. exf6 Nxf6 13. Be3 Qd8 14. Nd6+ Bxd6 15. Qxd6 c5 16. Rd1 Bb7 17. Rg1 Ne4 18. Qe5 O-O 19. g4 Qh4 20. Rxd7 Qxh2+ 21. Bg2 Nf6 22. Rxb7 Rae8 23. Qc7 1-0


[Site "https://www.chess.com"]

[Event "Titled Tuesday Blitz July 6 2021"]
[White "Onyshchuk, Volodymyr"]
[Black "deribas12345"]
[WhiteFideId "14114038"]
[WhiteElo "2603"]
[BlackElo "2542"]
[Result "1-0"]
[Round "04"]
[TimeControl "180+1"]
[Date "2021.07.06"]
[WhiteClock "0:01:10"]
[BlackClock "0:00:10"]

1. Nf3 c5 2. g3 d5 3. Bg2 Nc6 4. O-O e5 5. d3 Nge7 6. c4 d4 7. b4 cxb4 8. a3 Ng6 9. Qa4 Bd7 10. Ne1 a5 11. axb4 Bxb4 12. Nc2 O-O 13. Ba3 e4 14. Bxe4 Nce5 15. Qb3 Bh3 16. Rc1 Qg5 17. Nxd4 Kh8 18. Nf3 Nxf3+ 19. Bxf3 Ne5 20. Bh1 Ng4 21. Nc3 Nxf2 22. Kxf2 Qf6+ 23. Ke1 Qb6 24. Bxb4 axb4 25. Rxa8 Qg1+ 26. Kd2 bxc3+ 27. Qxc3 Rxa8 28. Rxg1 1-0


[Site "https://www.chess.com"]

[Event "Titled Tuesday Blitz July 6 2021"]
[White "Orozbaev, Eldiar"]
[Black "Obregon, Andres Carlos"]
[WhiteFideId "13802240"]
[BlackFideId "111724"]
[WhiteElo "1911"]
[BlackElo "2572"]
[Result "1/2-1/2"]
[Round "04"]
[TimeControl "180+1"]
[Date "2021.07.06"]
[WhiteClock "0:00:06"]
[BlackClock "0:00:06"]

1. e4 c6 2. Nc3 d5 3. Nf3 Bg4 4. h3 Bxf3 5. Qxf3 e6 6. d4 Nf6 7. a3 dxe4 8. Qe3 Nbd7 9. Nxe4 Nxe4 10. Qxe4 Nf6 11. Qd3 Be7 12. c3 O-O 13. Bg5 Qd5 14. Bxf6 Bxf6 15. O-O-O c5 16. dxc5 Qxc5 17. Qc4 Qxf2 18. Bd3 Qxg2 19. Rhg1 Qxh3 20. Qe4 g6 21. Rdf1 Qh6+ 22. Kb1 Qg7 23. Rh1 Rad8 24. Rf3 b6 25. Rfh3 Rd5 26. Bc4 Re5 27. Qc2 h5 28. Rg1 Rd8 29. Ka2 h4 30. Rg4 b5 31. Bb3 a5 32. a4 bxa4 33. Bxa4 g5 34. Qg2 Red5 35. Bb3 Rd2 36. Qc6 Rf2 37. Rf3 Rxf3 38. Qxf3 Be5 39. Qg2 Bf4 40. Bc2 Rd2 41. Qa8+ Qf8 42. Qe4 Qd6 43. Qh7+ Kf8 44. Ba4 Qd5+ 45. Bb3 Qf5 46. Qh8+ Ke7 47. Rg1 Be5 48. Qc8 Qf2 49. Rb1 h3 50. Qb7+ Kf6 51. Bc4 Bxc3 52. Rf1 Rxb2+ 53. Qxb2 Bxb2 54. Rxf2+ Ke5 55. Kxb2 g4 56. Bf1 f5 57. Kc2 Ke4 58. Kd2 f4 59. Re2+ Kf3 60. Rxe6 Kf2 61. Be2 f3 62. Bd1 h2 63. Rh6 g3 64. Kd3 g2 65. Rxh2 Kg3 66. Bxf3 g1=Q 67. Rg2+ Qxg2 68. Bxg2 Kxg2 69. Kc3 Kf3 70. Kb3 Ke3 71. Ka4 Kd3 72. Kxa5 1/2-1/2


[Site "https://www.chess.com"]

[Event "Titled Tuesday Blitz July 6 2021"]
[White "Ozen, Bahadir"]
[Black "Salem, A.R. Saleh"]
[WhiteFideId "6337058"]
[BlackFideId "9301348"]
[WhiteElo "2503"]
[BlackElo "2642"]
[Result "0-1"]
[Round "04"]
[TimeControl "180+1"]
[Date "2021.07.06"]
[WhiteClock "0:01:29"]
[BlackClock "0:01:31"]

1. Nf3 c5 2. e3 d5 3. b3 Nf6 4. Bb2 e6 5. c4 Nc6 6. cxd5 exd5 7. d4 cxd4 8. Nxd4 Bd6 9. Nd2 O-O 10. Be2 Re8 11. O-O Nxd4 12. Bxd4 Bf5 13. Bb5 Re6 14. Nf3 Ne4 15. h3 Rg6 16. Kh1 Bxh3 17. gxh3 Qc8 18. Ng1 Qf5 19. Be2 Qxf2 0-1


[Site "https://www.chess.com"]

[Event "Titled Tuesday Blitz July 6 2021"]
[White "Pereira, Juliano Resende M"]
[Black "Mezentsev, Ivan"]
[WhiteFideId "2109816"]
[BlackFideId "13706195"]
[WhiteElo "2427"]
[BlackElo "2295"]
[Result "1-0"]
[Round "04"]
[TimeControl "180+1"]
[Date "2021.07.06"]
[WhiteClock "0:00:02"]
[BlackClock "0:00:01"]

1. c4 Nf6 2. g3 g6 3. b3 Bg7 4. Bb2 O-O 5. Bg2 c6 6. Nf3 d5 7. O-O Na6 8. d3 Re8 9. Nbd2 Bf5 10. a3 Nc7 11. Rc1 a5 12. Rc2 a4 13. b4 dxc4 14. Nxc4 Nb5 15. Qa1 Nh5 16. Nfe5 Be6 17. Na5 Qb8 18. Rfc1 Nf6 19. Nec4 Nh5 20. Bxg7 Nxg7 21. Nb6 Ra6 22. Nxa4 Rxa5 23. bxa5 Bb3 24. Nc5 Bxc2 25. Rxc2 Qa7 26. a4 Nd6 27. Qc3 Ra8 28. Qe5 Qxa5 29. Qxe7 Ngf5 30. Qf6 Qe1+ 31. Bf1 b6 32. Nd7 c5 33. Nxb6 Re8 34. g4 Nd4 35. Qxd6 Nxc2 36. Nd5 Re6 37. Qxc5 Qd2 38. Qc8+ Kg7 39. Qc3+ Qxc3 40. Nxc3 Rb6 41. Kg2 Rb3 42. Nb5 Rb4 43. d4 Nxd4 44. e3 Nc6 45. Nc3 Rb3 46. Ne4 Rb4 47. Nc5 Na5 48. Bb5 1-0


[Site "https://www.chess.com"]

[Event "Titled Tuesday Blitz July 6 2021"]
[White "Petriashvili, Nikoloz"]
[Black "Pridorozhni, Aleksei"]
[WhiteFideId "13611216"]
[BlackFideId "4127870"]
[WhiteElo "2430"]
[BlackElo "2565"]
[Result "1-0"]
[Round "04"]
[TimeControl "180+1"]
[Date "2021.07.06"]
[WhiteClock "0:00:05"]
[BlackClock "0:00:03"]

1. e4 c5 2. Nf3 e6 3. d4 cxd4 4. Nxd4 Nf6 5. Nc3 Nc6 6. Nxc6 bxc6 7. e5 Nd5 8. Ne4 Qc7 9. f4 Rb8 10. c4 Bb4+ 11. Kf2 O-O 12. cxd5 cxd5 13. Nc3 f6 14. exf6 Rxf6 15. Ne2 Bc5+ 16. Ke1 Qb6 17. Qb3 Qa5+ 18. Bd2 Rxb3 19. Bxa5 Rxb2 20. Rc1 d6 21. Bc3 Rxa2 22. Bxf6 gxf6 23. h4 Bd7 24. Rh3 a5 25. Rb3 Bb4+ 26. Kf2 e5 27. Rc7 Bf5 28. Rg3+ Kf8 29. Rgg7 d4 30. Rcf7+ Ke8 31. Rb7 Kf8 32. Rbf7+ Ke8 33. Ra7 Kf8 34. Rgb7 Bg6 35. Rb8+ Be8 36. Raa8 d3 37. Rxe8+ Kf7 38. Ke3 d2 39. Nc3 Bxc3 40. Bc4+ Kg7 41. Be2 Ra1 42. f5 Re1 43. Kd3 Bb4 44. g4 d1=Q+ 45. Bxd1 Rxd1+ 46. Kc4 Rd4+ 47. Kb5 Kh6 48. Rg8 Be1 49. g5+ fxg5 50. hxg5+ Kh5 51. f6 Rf4 52. Ra7 Bb4 53. Rxh7+ Kg4 54. f7 d5 55. g6 Kg5 56. g7 Kg6 57. Rgh8 Rxf7 58. g8=Q+ Kf6 59. Qxf7+ Kg5 60. Rg7# 1-0


[Site "https://www.chess.com"]

[Event "Titled Tuesday Blitz July 6 2021"]
[White "Pham, Le Thao Nguyen"]
[Black "Rustemov, Alexander"]
[WhiteFideId "12401226"]
[BlackFideId "4119002"]
[WhiteElo "2286"]
[BlackElo "2852"]
[Result "0-1"]
[Round "04"]
[TimeControl "180+1"]
[Date "2021.07.06"]
[WhiteClock "0:00:02"]
[BlackClock "0:00:27"]

1. d4 d5 2. Nf3 Nf6 3. c4 e6 4. Nc3 Be7 5. Bg5 Nbd7 6. e3 h6 7. Bh4 O-O 8. cxd5 Nxd5 9. Bxe7 Nxe7 10. Bd3 c5 11. O-O cxd4 12. Nxd4 Ne5 13. Be4 Bd7 14. Rc1 Qb6 15. Qe2 Rfd8 16. h3 Rac8 17. Rfd1 a6 18. Bb1 N5g6 19. a3 Be8 20. b4 e5 21. Nb3 Rxd1+ 22. Qxd1 Bc6 23. Nc5 Rd8 24. Qc2 a5 25. N5a4 Bxa4 26. Nxa4 Qb5 27. bxa5 Qxa5 28. Qb3 Qd2 29. Qc3 Qd6 30. Nc5 Rc8 31. Qe1 b6 32. Ne4 Rxc1 33. Qxc1 Qd8 34. Nc3 Nf8 35. Nb5 Ne6 36. Qc2 g6 0-1


[Site "https://www.chess.com"]

[Event "Titled Tuesday Blitz July 6 2021"]
[White "Pohjala, Henri"]
[Black "Andreikin, Dmitry"]
[WhiteFideId "506478"]
[BlackFideId "4158814"]
[WhiteElo "2365"]
[BlackElo "2782"]
[Result "1/2-1/2"]
[Round "04"]
[TimeControl "180+1"]
[Date "2021.07.06"]
[WhiteClock "0:00:08"]
[BlackClock "0:00:11"]

1. d4 d5 2. c4 c6 3. Nf3 Nf6 4. cxd5 cxd5 5. Nc3 Nc6 6. Bf4 a6 7. Rc1 e6 8. e3 Be7 9. Bd3 O-O 10. O-O Bd7 11. Ne5 Rc8 12. Qf3 Nxe5 13. Bxe5 Qb6 14. Rc2 Bb5 15. Nxb5 Rxc2 16. Bxc2 Qxb5 17. Bxf6 Bxf6 18. Bb3 Rc8 19. Qd1 Be7 20. Qb1 Qc6 21. Qd3 g6 22. g3 b5 23. a3 a5 24. Bd1 a4 25. Be2 Qc4 26. Rd1 Kg7 27. Qd2 Qb3 28. Rc1 Rxc1+ 29. Qxc1 h5 30. h4 Bf6 31. Kf1 e5 32. Qd2 exd4 33. exd4 Kg8 34. Qc3 Qa2 35. Bxb5 Qb1+ 36. Kg2 Qe4+ 37. Qf3 Bxd4 38. Qxe4 dxe4 39. Bxa4 Bxb2 40. Bc6 f5 41. a4 Bc3 42. Bb5 Kf7 43. Bc6 Kf6 44. Bb5 Ba5 45. Bc6 Bb6 46. Bb5 g5 47. hxg5+ Kxg5 48. Bd7 Ba5 49. Bc8 Bc7 50. Bd7 Kf6 51. Be8 Kg5 52. Bd7 Bd8 53. Bc8 Kg6 54. Bd7 Kf6 55. Bc8 Ke5 56. Bd7 h4 57. gxh4 Bxh4 58. a5 Bd8 59. a6 Bb6 60. Bc6 f4 61. Kf1 f3 62. Ke1 Kf4 63. Kf1 Ba7 64. Ke1 e3 65. fxe3+ Bxe3 66. Kf1 Kg3 67. Bb7 Bf2 68. Bc8 Be3 69. Bb7 Ba7 70. Bc8 Bb6 71. Bb7 Ba7 72. Bxf3 Bb6 73. Bb7 Ba7 74. Bc8 Bb6 75. a7 Bxa7 1/2-1/2


[Site "https://www.chess.com"]

[Event "Titled Tuesday Blitz July 6 2021"]
[White "Potapova, Margarita"]
[Black "Leve, Nitai"]
[WhiteFideId "14126869"]
[BlackFideId "2006898"]
[WhiteElo "2229"]
[BlackElo "2144"]
[Result "0-1"]
[Round "04"]
[TimeControl "180+1"]
[Date "2021.07.06"]
[WhiteClock "0:00:04"]
[BlackClock "0:00:24"]

1. d4 d5 2. c4 c6 3. Nf3 Nf6 4. g3 dxc4 5. Bg2 Bf5 6. O-O e6 7. Ne5 Nbd7 8. Nxc4 Be7 9. Nc3 Bg6 10. e4 O-O 11. Qe2 c5 12. d5 exd5 13. exd5 Re8 14. Be3 Nb6 15. Nxb6 Qxb6 16. Rfd1 Rad8 17. b3 Bh5 18. Bf3 Bxf3 19. Qxf3 Bd6 20. Rac1 Qa5 21. Bg5 Be5 22. Ne4 Nxe4 23. Bxd8 Qxd8 24. Qxe4 Bb2 25. Qf3 Bxc1 26. Rxc1 Qd6 27. Rd1 g6 28. Kg2 b5 29. Qf4 Qxf4 30. gxf4 Kg7 31. Kf3 Kf6 32. Rc1 Rc8 33. Ke4 Ke7 34. b4 c4 35. Kd4 Kd7 36. a4 bxa4 37. Kc3 Kd6 38. Rd1 a3 39. f3 a2 40. h3 h5 41. Ra1 Kxd5 42. Rxa2 Rc7 43. Ra5+ Ke6 44. Re5+ Kf6 45. Rd5 Rc6 46. Re5 h4 47. Rd5 Ke6 48. Re5+ Kd6 49. Ra5 a6 50. f5 Ke7 51. fxg6 fxg6 52. f4 Rf6 53. Kxc4 Rxf4+ 54. Kd3 Rf3+ 55. Ke4 Rxh3 56. Rxa6 Kf7 57. Kf4 Rb3 58. Rb6 h3 0-1


[Site "https://www.chess.com"]

[Event "Titled Tuesday Blitz July 6 2021"]
[White "Praveen, Kumar C"]
[Black "Nguyen, Hong Anh"]
[WhiteFideId "5007372"]
[BlackFideId "12406732"]
[WhiteElo "2236"]
[BlackElo "1974"]
[Result "1-0"]
[Round "04"]
[TimeControl "180+1"]
[Date "2021.07.06"]
[WhiteClock "0:00:16"]
[BlackClock "0:00:18"]

1. d4 Nf6 2. c4 g6 3. Nc3 d5 4. cxd5 Nxd5 5. e4 Nxc3 6. bxc3 Bg7 7. Bc4 c5 8. Ne2 O-O 9. O-O Nc6 10. Be3 Qc7 11. Rb1 Rd8 12. Bf4 Qd7 13. dxc5 Qe8 14. Bd5 Ne5 15. Qb3 e6 16. Bxe5 exd5 17. Bxg7 Kxg7 18. Nd4 dxe4 19. Rfe1 Qe7 20. c6 Rb8 21. Qb4 Qe5 22. Rxe4 Qxe4 23. c7 Bf5 24. cxb8=Q Rxb8 25. Re1 Qd5 26. Nxf5+ Qxf5 27. Qd6 Rc8 28. h3 Qf6 29. Qd7 Rxc3 30. Qxb7 a5 31. Qe4 Ra3 32. Re2 Rc3 33. Kh2 Rc5 34. Qe3 Rf5 35. Qg3 a4 36. a3 Rb5 37. Re3 Rf5 38. Re2 h5 39. Re4 Rxf2 40. Rxa4 h4 41. Qxh4 Qe5+ 42. Qg3 Qe1 43. Re4 Qf1 44. Qc3+ Kh7 45. Rh4+ Kg8 46. Qh8# 1-0


[Site "https://www.chess.com"]

[Event "Titled Tuesday Blitz July 6 2021"]
[White "Pruijssers, Roeland"]
[Black "Terry, Renato"]
[WhiteFideId "1013068"]
[BlackFideId "3803457"]
[WhiteElo "2545"]
[BlackElo "2581"]
[Result "0-1"]
[Round "04"]
[TimeControl "180+1"]
[Date "2021.07.06"]
[WhiteClock "0:00:05"]
[BlackClock "0:00:05"]

1. e4 g6 2. d4 Bg7 3. Nc3 c6 4. Bc4 d5 5. exd5 b5 6. Bd3 b4 7. Ne4 cxd5 8. Nc5 Nd7 9. Nxd7 Bxd7 10. Ne2 Nh6 11. a3 a5 12. axb4 axb4 13. Bd2 Rb8 14. O-O Nf5 15. Bxf5 Bxf5 16. Ra4 b3 17. cxb3 O-O 18. Bb4 Bd7 19. Ba5 Qc8 20. Ra3 Bb5 21. Re1 e6 22. Qd2 Qb7 23. Nc3 Bd7 24. Na4 Bxa4 25. bxa4 Qxb2 26. Qxb2 Rxb2 27. Bc3 Rc2 28. a5 Rc8 29. Ba1 Rc1 30. Kf1 Bf8 31. Ra4 R1c6 32. Ke2 Bd6 33. Kd3 Ra8 34. Rb1 Kf8 35. Bc3 Ke8 36. Rb7 Bc7 37. Ra2 Kd8 38. g3 Kc8 39. Rb5 h5 40. h3 Rca6 41. g4 Kd7 42. Bb4 Kc6 43. Rc5+ Kd7 44. Rb5 hxg4 45. hxg4 Bb6 46. Ra3 Bc7 47. Ra2 Rc6 48. Rc2 Rxc2 49. Kxc2 Kc6 50. Rc5+ Kd7 51. Rb5 Kc6 52. Rc5+ Kb7 53. Kb3 f5 54. f3 Bf4 55. Ka4 Be3 56. Rb5+ Kc6 57. Rb6+ Kd7 58. Bc5 e5 59. Rxg6 fxg4 60. Rxg4 Ke6 61. Kb5 Rb8+ 62. Bb6 exd4 63. Rg6+ Kf5 64. Rd6 Ke5 65. Rc6 d3 66. a6 Bxb6 67. Rxb6 Rxb6+ 68. Kxb6 d2 69. a7 d1=Q 70. a8=Q Qb3+ 71. Kc7 Qc3+ 72. Qc6 Qxc6+ 73. Kxc6 d4 0-1


[Site "https://www.chess.com"]

[Event "Titled Tuesday Blitz July 6 2021"]
[White "Riazantsev, Alexander"]
[Black "Vidit, Santosh Gujrathi"]
[WhiteFideId "4125029"]
[BlackFideId "5029465"]
[WhiteElo "2497"]
[BlackElo "2735"]
[Result "0-1"]
[Round "04"]
[TimeControl "180+1"]
[Date "2021.07.06"]
[WhiteClock "0:00:03"]
[BlackClock "0:00:05"]

1. d4 Nf6 2. c4 e6 3. Nf3 d5 4. Qc2 a6 5. Bg5 Nbd7 6. e3 h6 7. Bh4 dxc4 8. Bxc4 b5 9. Bd3 c5 10. a4 b4 11. O-O Bb7 12. Qe2 cxd4 13. Nxd4 Nc5 14. Bc4 Be7 15. Nd2 O-O 16. a5 Nd5 17. Bg3 Bf6 18. Rfd1 Qe7 19. Rab1 Rfd8 20. N4b3 Na4 21. e4 Ndc3 22. bxc3 Nxc3 23. Qe1 Nxb1 24. Rxb1 Bc3 25. Qe2 Rac8 26. Nf3 Qd7 27. Bxa6 Bxa6 28. Qxa6 Qa4 29. Qe2 Bf6 30. h4 Rc3 31. e5 Be7 32. Nbd4 Qxa5 33. Qe4 Qd5 34. Qxd5 Rxd5 35. Bf4 Bc5 36. Be3 Rd3 37. Nc2 Rd1+ 38. Rxd1 Rxd1+ 39. Kh2 b3 40. Bxc5 bxc2 41. Be3 c1=Q 42. Bxc1 Rxc1 43. h5 Rc4 44. Kh3 Re4 45. g4 Kf8 46. Kg3 Ke7 47. Kh3 Kd7 48. Kg3 Kc6 49. g5 Kd5 50. g6 fxg6 51. hxg6 Ra4 52. Kh3 Ke4 53. Kg4 Ra3 54. Nd2+ Kd3 55. Nf1 Kd4 56. f4 Ke4 57. Nd2+ Kd5 58. Nf3 Ra4 59. Nh4 Rb4 60. Kf3 Rb3+ 61. Kg4 Ke4 62. f5 Kxe5 63. fxe6 Kxe6 64. Ng2 Kf6 65. Kh5 Rb5+ 66. Kg4 Rg5+ 67. Kf3 Rxg2 68. Kxg2 Kxg6 0-1


[Site "https://www.chess.com"]

[Event "Titled Tuesday Blitz July 6 2021"]
[White "Saravana, Krishnan P."]
[Black "Molina, Roberto Junio Brito"]
[WhiteFideId "5018382"]
[BlackFideId "2109450"]
[WhiteElo "2245"]
[BlackElo "2402"]
[Result "0-1"]
[Round "04"]
[TimeControl "180+1"]
[Date "2021.07.06"]
[WhiteClock "0:00:11"]
[BlackClock "0:00:07"]

1. e4 c6 2. d4 d5 3. Nc3 dxe4 4. Nxe4 Nd7 5. Nf3 Ngf6 6. Ned2 g6 7. Nc4 Bg7 8. Be2 O-O 9. O-O b6 10. a4 a5 11. Bf4 Nd5 12. Bg3 Ba6 13. Re1 Re8 14. Qd2 Qc8 15. Rad1 Qb7 16. h4 Rad8 17. h5 c5 18. Qg5 h6 19. Qc1 g5 20. c3 cxd4 21. Nxd4 Rc8 22. b3 Bf8 23. Nf5 Nc5 24. Qb1 Nxc3 25. Qb2 Nxd1 26. Bxd1 Nd3 27. Qd2 Nxe1 28. Qxe1 Bxc4 29. bxc4 Qd7 30. Bg4 e6 31. Ne3 f5 32. Bf3 f4 33. Ng4 Bg7 34. Bh2 Rxc4 35. Kh1 Rec8 36. Bg1 Rc1 37. Qe4 Ra1 38. Qg6 Kf8 39. Nxh6 Qe7 40. Qh7 Ke8 41. Be4 Kd7 42. Ng4 Rcc1 43. g3 fxg3 44. fxg3 Bd4 45. Bc6+ Kd6 46. Qd3 Rxg1+ 47. Kh2 e5 48. Ne3 Kxc6 49. Qe4+ Kd7 50. Qb7+ Ke6 51. Qc6+ Kf7 52. Qg6+ Kf8 53. Nf5 Ra2+ 54. Kh3 Rh1+ 55. Kg4 Qf7 56. Qd6+ Ke8 57. Qc6+ Kd8 58. Qd6+ Kc8 59. Qc6+ Kb8 60. Qd6+ Qc7 61. Qf8+ Ka7 62. Nd6 Rb2 63. Nb5+ Rxb5 64. axb5 Qd7+ 65. Kxg5 Be3+ 66. Kf6 Rxh5 67. g4 Rh7 68. g5 Bxg5+ 69. Kxg5 Qe7+ 70. Kg6 Qxf8 0-1


[Site "https://www.chess.com"]

[Event "Titled Tuesday Blitz July 6 2021"]
[White "Sawlin, Leonid"]
[Black "Dobrov, Vladimir"]
[WhiteFideId "4689542"]
[BlackFideId "4136594"]
[WhiteElo "2412"]
[BlackElo "2614"]
[Result "1-0"]
[Round "04"]
[TimeControl "180+1"]
[Date "2021.07.06"]
[WhiteClock "0:00:07"]
[BlackClock "0:00:15"]

1. e4 c5 2. Nf3 Nc6 3. d4 cxd4 4. Nxd4 Qb6 5. Nb3 Nf6 6. Nc3 e6 7. Bd3 a6 8. O-O h5 9. Qe2 Qc7 10. a4 b6 11. f4 d6 12. Be3 Be7 13. h3 h4 14. Qf2 Rb8 15. Nd2 Na5 16. Nf3 Nc4 17. Bxc4 Qxc4 18. e5 Ne4 19. Nxe4 Qxe4 20. exd6 Bxd6 21. Rad1 Bxf4 22. Bxf4 Qxf4 23. Rd4 Qf6 24. Qd2 Qe7 25. Ne5 Qc7 26. Nxf7 O-O 27. Nh6+ gxh6 28. Rg4+ Kh7 29. Rxf8 Qc5+ 30. Kh1 Qxf8 31. Qd3+ Qf5 32. Qd8 Qf1+ 33. Kh2 Qf7 34. Rc4 Rb7 35. Qd3+ Qf5 36. Qxf5+ exf5 37. Rxc8 b5 38. a5 Kg6 39. Rc6+ Kg5 40. Rxa6 Rc7 41. Rb6 Rxc2 42. Rxb5 Kf4 43. Kg1 Rc1+ 44. Kf2 Rc2+ 45. Kf1 Ke3 46. Rb3+ Ke4 47. a6 Rc1+ 48. Ke2 Rc2+ 49. Kd1 Rc6 50. Ra3 Rc8 51. a7 Ra8 52. b4 Kd5 53. Kc2 Kc4 54. Ra4 f4 55. Kd2 h5 56. Ke2 Kb3 57. Ra6 Kxb4 58. Kf3 Kb5 59. Ra1 Kb6 60. Kxf4 Kb7 61. Kg5 Rg8+ 62. Kxh5 Ka8 63. Ra2 Rh8+ 64. Kg5 Rh7 65. Ra4 Rg7+ 66. Kxh4 Rxg2 67. Kh5 Rg1 68. h4 Rg8 69. Kh6 Rh8+ 70. Kg6 Rg8+ 71. Kf7 Rg1 72. h5 Rf1+ 73. Kg6 Rg1+ 74. Kf6 Rf1+ 75. Kg5 Rg1+ 76. Rg4 Rc1 77. h6 Kxa7 78. h7 Rc8 79. Kh6 1-0


[Site "https://www.chess.com"]

[Event "Titled Tuesday Blitz July 6 2021"]
[White "Spata, German"]
[Black "Vykouk, Jan"]
[WhiteFideId "113026"]
[BlackFideId "349658"]
[WhiteElo "2238"]
[BlackElo "2387"]
[Result "0-1"]
[Round "04"]
[TimeControl "180+1"]
[Date "2021.07.06"]
[WhiteClock "0:00:13"]
[BlackClock "0:01:18"]

1. Nf3 Nf6 2. c4 g6 3. b3 Bg7 4. Bb2 O-O 5. g3 d6 6. d4 a5 7. Nc3 Bd7 8. Bg2 c6 9. O-O Na6 10. Qd2 Bg4 11. h3 Bxf3 12. Bxf3 e5 13. e3 Qd7 14. Bg2 Rad8 15. Rad1 exd4 16. exd4 d5 17. cxd5 cxd5 18. Na4 Ne4 19. Qxa5 Rfe8 20. Nb6 Qf5 21. Qb5 h5 22. Qd3 Qe6 23. Na4 Nb4 24. Qb1 Bh6 25. Nc5 Qe7 26. a3 Nc6 27. Nxe4 dxe4 28. Rfe1 f5 29. Bf1 Bg7 30. Bc4+ Kh7 31. d5 Ne5 32. Bxe5 Bxe5 33. d6 Rxd6 34. Rxd6 Bxd6 35. a4 h4 36. Kg2 hxg3 37. fxg3 Qe5 38. Re3 f4 39. gxf4 Qxf4 40. Qg1 Bc5 0-1


[Site "https://www.chess.com"]

[Event "Titled Tuesday Blitz July 6 2021"]
[White "Stojanovski, Sandi"]
[Black "Fakhrutdinov, Timur"]
[WhiteFideId "1403249"]
[BlackFideId "24176702"]
[WhiteElo "2335"]
[BlackElo "2405"]
[Result "1-0"]
[Round "04"]
[TimeControl "180+1"]
[Date "2021.07.06"]
[WhiteClock "0:00:07"]
[BlackClock "0:00:01"]

1. c4 Nf6 2. Nf3 e6 3. g3 d5 4. Bg2 dxc4 5. O-O Nbd7 6. Qa4 a6 7. Qxc4 b5 8. Qc2 Bb7 9. a4 c5 10. d3 Be7 11. Na3 Qb6 12. Be3 Nd5 13. Bd2 O-O 14. Qb3 Nb4 15. e4 Rfd8 16. Be3 Rac8 17. axb5 axb5 18. Rfd1 Qc6 19. Nc2 Nxc2 20. Qxc2 Bf6 21. Rac1 Qa6 22. Qb3 c4 23. dxc4 bxc4 24. Qc2 Qb5 25. Bd4 Bxd4 26. Rxd4 Nb6 27. Rcd1 Rxd4 28. Nxd4 Qa4 29. Qxa4 Nxa4 30. Rd2 Rd8 31. e5 Bxg2 32. Kxg2 Nc5 33. Nf3 Rxd2 34. Nxd2 Nd3 35. Nxc4 Kf8 36. f4 Ke7 37. Kf3 f5 38. Ke3 Nc5 39. b4 Ne4 40. Kd4 Kd7 41. b5 g5 42. fxg5 Nxg5 43. Kc5 Ne4+ 44. Kb6 Nc3 45. Ka6 Nd5 46. b6 Nb4+ 47. Ka7 1-0


[Site "https://www.chess.com"]

[Event "Titled Tuesday Blitz July 6 2021"]
[White "Stremavicius, Titas"]
[Black "Villegas, Pierre"]
[WhiteFideId "12804444"]
[BlackFideId "654183"]
[WhiteElo "2437"]
[BlackElo "2411"]
[Result "0-1"]
[Round "04"]
[TimeControl "180+1"]
[Date "2021.07.06"]
[WhiteClock "0:00:01"]
[BlackClock "0:00:01"]

1. f4 d5 2. Nf3 Nf6 3. g3 c6 4. Bg2 Qb6 5. e3 Bg4 6. h3 Bxf3 7. Qxf3 Nbd7 8. d4 Ne4 9. g4 e6 10. c3 f5 11. Nd2 Ndf6 12. Nb3 h6 13. Qd1 Be7 14. Bf3 O-O-O 15. Qd3 g5 16. Bd2 Nxd2 17. Qxd2 gxf4 18. exf4 Ne4 19. Bxe4 Bh4+ 20. Kd1 dxe4 21. Kc2 Rd5 22. Qe2 Rhd8 23. Rhg1 a5 24. a4 Qc7 25. gxf5 exf5 26. Qh5 Qxf4 27. Raf1 Bf2 28. Nc1 e3 29. Nd3 Qe4 30. Rh1 f4 31. Qg5 hxg5 0-1


[Site "https://www.chess.com"]

[Event "Titled Tuesday Blitz July 6 2021"]
[White "Svane, Rasmus"]
[Black "Zemach, Roee"]
[WhiteFideId "4657101"]
[BlackFideId "2818531"]
[WhiteElo "2669"]
[BlackElo "2131"]
[Result "1-0"]
[Round "04"]
[TimeControl "180+1"]
[Date "2021.07.06"]
[WhiteClock "0:00:59"]
[BlackClock "0:00:23"]

1. Nf3 Nf6 2. g3 d5 3. Bg2 e6 4. O-O Be7 5. c4 O-O 6. b3 c5 7. cxd5 Nxd5 8. Nc3 Nc6 9. Bb2 Bf6 10. Qc2 b6 11. Nxd5 exd5 12. d4 Nxd4 13. Nxd4 Bxd4 14. Bxd4 cxd4 15. Rfd1 Be6 16. Rxd4 Rc8 17. Qd2 Qf6 18. Rd1 g6 19. Bxd5 Bxd5 20. Rxd5 Rfe8 21. Rd7 Re7 22. Rd6 Qe5 23. e3 Kg7 24. Qd4 Qxd4 25. R1xd4 Rc2 26. Rd2 Rec7 27. Kg2 Rxd2 28. Rxd2 Kf6 29. Kf3 Re7 30. g4 Ke5 31. h4 Rc7 32. Ke2 f5 33. gxf5 Kxf5 34. Kf3 Re7 35. Rd5+ Ke6 36. Rd4 Rc7 37. Rc4 Rd7 38. Ke2 Kf5 39. f3 Ke5 40. f4+ Kf5 41. Kf3 Rd2 42. Rc6 Rd3 43. Rc7 Rd1 44. Rf7+ Ke6 45. Rxh7 Rf1+ 46. Ke4 a6 47. Rb7 1-0


[Site "https://www.chess.com"]